[Event "Titled Tuesday Blitz February 15 Early 2022"]
[White "Szpar, Milosz"]
[Black "Annaberdiyev, Babageldi"]
[WhiteFideId "1184989"]
[BlackFideId "14000385"]
[WhiteElo "2447"]
[BlackElo "2332"]
[Result "1/2-1/2"]
[Round "10"]
[TimeControl "180+1"]
[Date "2022.02.15"]
[WhiteClock "0:00:05"]
[BlackClock "0:00:17"]

1. e4 c5 2. Nf3 d6 3. d4 cxd4 4. Nxd4 Nf6 5. Nc3 g6 6. f3 Bg7 7. Be3 O-O 8. Qd2 Nc6 9. O-O-O d5 10. Kb1 Nxd4 11. e5 Nf5 12. exf6 exf6 13. Bc5 d4 14. Nb5 Bh6 15. Qb4 a5 16. Qa3 Re8 17. Bc4 Be6 18. Bxe6 Rxe6 19. g4 Ne3 20. Rxd4 Qc8 21. Rc1 f5 22. Nd6 Qc6 23. gxf5 Re5 24. fxg6 hxg6 25. Ne4 a4 26. Rd6 Rxc5 27. Qxc5 Qxc5 28. Nxc5 Nc4 29. Rd7 Bxc1 30. Kxc1 b6 31. Ne4 a3 32. b3 Ne5 33. Rb7 Nxf3 34. Nd6 Ne5 35. Rxb6 Kf8 36. c4 Ke7 37. Nb5 Rh8 38. Nxa3 Rxh2 39. c5 Nd3+ 40. Kb1 Nxc5 41. Nc4 Re2 42. a4 Ne4 43. a5 Nc3+ 44. Kc1 Na2+ 45. Kd1 Nc3+ 46. Kc1 Na2+ 47. Kd1 Nc3+ 48. Kc1 1/2-1/2


[Site "https://www.chess.com"]

[Event "Titled Tuesday Blitz February 15 Early 2022"]
[White "Tasev, Dejan"]
[Black "Demin, Vladimir"]
[WhiteFideId "936618"]
[BlackFideId "4167457"]
[WhiteElo "2253"]
[BlackElo "2510"]
[Result "0-1"]
[Round "10"]
[TimeControl "180+1"]
[Date "2022.02.15"]
[WhiteClock "0:00:57"]
[BlackClock "0:00:30"]

1. e4 Nf6 2. e5 Nd5 3. Nc3 Nxc3 4. dxc3 d6 5. Bc4 Nc6 6. Nf3 Bf5 7. exd6 cxd6 8. Qe2 d5 9. Bb5 e6 10. Nd4 Kd7 11. Nxf5 exf5 12. O-O Bd6 13. Qf3 Kc7 14. Bf4 a6 15. Ba4 Re8 16. Rad1 Re4 17. Bxd6+ Qxd6 18. Bb3 g6 19. Bxd5 Ne5 20. Qh3 Rd8 21. Qg3 Rg4 22. Qe3 f4 23. Qa7 Nc6 24. Bxc6 Qxc6 25. Rxd8 Qxg2# 0-1


[Site "https://www.chess.com"]

[Event "Titled Tuesday Blitz February 15 Early 2022"]
[White "Ter-Sahakyan, Samvel"]
[Black "Borisova, Ekaterina"]
[WhiteFideId "13302531"]
[BlackFideId "34124184"]
[WhiteElo "2592"]
[BlackElo "2034"]
[Result "1/2-1/2"]
[Round "10"]
[TimeControl "180+1"]
[Date "2022.02.15"]
[WhiteClock "0:00:04"]
[BlackClock "0:00:06"]

1. d4 Nf6 2. Bg5 e6 3. e4 h6 4. Bxf6 Qxf6 5. Nc3 Bb4 6. Qd3 b6 7. O-O-O Ba6 8. Qe3 Bxf1 9. Rxf1 Bxc3 10. Qxc3 c5 11. Nf3 cxd4 12. Qc8+ Qd8 13. Qxd8+ Kxd8 14. Nxd4 a6 15. Rd1 Ke7 16. Rd3 Nc6 17. Rhd1 Nxd4 18. Rxd4 Ra7 19. b3 Rc8 20. Kb2 Rc6 21. c4 d6 22. a4 Rb7 23. h4 b5 24. cxb5 axb5 25. a5 b4 26. Ra1 Ra6 27. Ra4 Rb5 28. Rdxb4 Rxb4 29. Rxb4 Rxa5 30. Rc4 g5 31. b4 Ra8 32. hxg5 hxg5 33. Kb3 Kf6 34. b5 Ke5 35. b6 Rb8 36. Rb4 d5 37. Ka4 d4 38. Kb5 d3 39. f3 d2 40. Rb1 Kd4 41. Kc6 f5 42. exf5 exf5 43. Kc7 Rf8 44. b7 Kd3 45. b8=Q Rxb8 46. Rxb8 d1=Q 47. Rd8+ Ke2 48. Rxd1 Kxd1 49. Kd6 Ke2 50. Ke5 Kf2 51. Kxf5 Kxg2 52. Kg4 Kf2 53. Kxg5 Kxf3 1/2-1/2


[Site "https://www.chess.com"]

[Event "Titled Tuesday Blitz February 15 Early 2022"]
[White "Thunderbolt135"]
[Black "Jakubowski, Krzysztof"]
[BlackFideId "1112848"]
[WhiteElo "2758"]
[BlackElo "2365"]
[Result "0-1"]
[Round "10"]
[TimeControl "180+1"]
[Date "2022.02.15"]
[WhiteClock "0:00:09"]
[BlackClock "0:00:31"]

1. e4 c5 2. Nf3 e6 3. d4 cxd4 4. Nxd4 Nc6 5. Nc3 Qc7 6. f4 a6 7. Nxc6 Qxc6 8. Bd3 b5 9. Bd2 Bb7 10. Qe2 Rc8 11. a3 Bc5 12. O-O-O b4 13. axb4 Bxb4 14. Kb1 Ne7 15. g4 Qb6 16. Be3 Qa5 17. Na2 O-O 18. f5 Bd6 19. Bd4 Be5 20. Qf2 Nc6 21. Bb6 Qa4 22. g5 Nb4 23. Nxb4 Qxb4 24. c4 exf5 25. Bd4 Bxd4 26. Qxd4 fxe4 27. Be2 Bc6 28. h4 Ba4 29. Rc1 Bb3 30. Rc3 Qa4 31. Re3 Qa2+ 32. Kc1 Qa1+ 33. Kd2 Qxh1 34. Rxb3 Qxh4 0-1


[Site "https://www.chess.com"]

[Event "Titled Tuesday Blitz February 15 Early 2022"]
[White "Timofeev, Artyom"]
[Black "Budrewicz, Krzysztof"]
[WhiteFideId "4140419"]
[BlackFideId "1127950"]
[WhiteElo "2583"]
[BlackElo "2248"]
[Result "1-0"]
[Round "10"]
[TimeControl "180+1"]
[Date "2022.02.15"]
[WhiteClock "0:00:16"]
[BlackClock "0:00:02"]

1. d4 Nf6 2. Nf3 g6 3. Nbd2 d5 4. b4 Bg7 5. e3 O-O 6. Be2 a5 7. b5 a4 8. Ba3 Nbd7 9. c4 dxc4 10. Nxc4 Ne4 11. Rc1 Nb6 12. Nxb6 cxb6 13. O-O Be6 14. Bd3 Bd5 15. Ne5 Nd6 16. Qe2 Rc8 17. Rxc8 Qxc8 18. Rc1 Qe6 19. Nc4 Nxb5 20. Bxe7 Rc8 21. Bb4 Bf8 22. Bd2 Nd6 23. Nxb6 Rxc1+ 24. Bxc1 Bxa2 25. Nxa4 Qb3 26. Nc5 Qc3 27. Bb2 Qa5 28. h4 b5 29. Nd7 Be7 30. d5 Bc4 31. Nf6+ Bxf6 32. Bxf6 Qa4 33. Be5 Bxd3 34. Qxd3 Qc4 35. Qxc4 Nxc4 36. Bc3 Kf8 37. Kf1 Ke7 38. Ke2 Kd6 39. e4 f5 40. f3 h5 41. Kd3 Nb6 42. Kd4 fxe4 43. fxe4 Nd7 44. Bb4+ Kc7 45. e5 Nb6 46. e6 Nc4 47. Kc5 Kd8 48. Bc3 Ke7 49. g3 1-0


[Site "https://www.chess.com"]

[Event "Titled Tuesday Blitz February 15 Early 2022"]
[White "Todorovic, Bojan"]
[Black "Grineva, Marianna"]
[WhiteFideId "917087"]
[BlackFideId "14102013"]
[WhiteElo "2266"]
[BlackElo "1954"]
[Result "0-1"]
[Round "10"]
[TimeControl "180+1"]
[Date "2022.02.15"]
[WhiteClock "0:00:01"]
[BlackClock "0:00:20"]

1. Nf3 d6 2. c4 Nf6 3. Nc3 g6 4. g3 Bg7 5. Bg2 O-O 6. O-O Nc6 7. d3 e5 8. Rb1 a5 9. a3 Re8 10. b4 axb4 11. axb4 e4 12. dxe4 Nxe4 13. Nxe4 Rxe4 14. b5 Ne7 15. Nd2 Re6 16. Ne4 Ra2 17. Qd3 h6 18. Re1 Nf5 19. Nc5 Re5 20. Nxb7 Qe7 21. b6 cxb6 22. Bb2 Rxb2 23. Rxb2 Bxb7 24. Rxb6 Bxg2 25. Kxg2 Bf8 26. e4 Ng7 27. f4 Ra5 28. Rb2 Ne6 29. Rbe2 Nc5 30. Qf3 Qe6 31. e5 Qxc4 32. exd6 Bxd6 33. f5 Nd3 34. Rd1 Rd5 35. fxg6 fxg6 36. Re8+ Kg7 37. Rf1 Rf5 38. Qb7+ Rf7 39. Rxf7+ Qxf7 40. Qxf7+ Kxf7 41. Rd8 Ne1+ 42. Kf1 Bb4 43. Rd4 Bc3 44. Rc4 Ba5 45. Ra4 Bd2 0-1


[Site "https://www.chess.com"]

[Event "Titled Tuesday Blitz February 15 Early 2022"]
[White "Toncheva, Nadya"]
[Black "Vaishali, Rameshbabu"]
[WhiteFideId "2924056"]
[BlackFideId "5091756"]
[WhiteElo "1920"]
[BlackElo "2343"]
[Result "0-1"]
[Round "10"]
[TimeControl "180+1"]
[Date "2022.02.15"]
[WhiteClock "0:00:06"]
[BlackClock "0:00:42"]

1. d4 Nf6 2. c4 Nc6 3. Nc3 e5 4. d5 Ne7 5. e4 Ng6 6. h4 h5 7. Bd3 Bc5 8. Na4 Bd4 9. Nf3 c5 10. Nxd4 cxd4 11. b3 d6 12. Bg5 a6 13. Nb2 Bd7 14. Qe2 Qc7 15. Bc2 b5 16. Bd3 b4 17. Bc2 a5 18. Nd3 Bg4 19. f3 Bc8 20. Kf2 Nd7 21. g3 Nc5 22. a3 Rb8 23. axb4 axb4 24. Bd2 O-O 25. Nxb4 Rxb4 26. Bxb4 d3 27. Ba5 Qa7 28. Qe3 f5 29. Bd1 Nxe4+ 30. fxe4 fxe4+ 0-1


[Site "https://www.chess.com"]

[Event "Titled Tuesday Blitz February 15 Early 2022"]
[White "Tsyhanchuk, Stanislav"]
[Black "Boraso, Alessio"]
[WhiteFideId "13505130"]
[BlackFideId "848077"]
[WhiteElo "2078"]
[BlackElo "2277"]
[Result "1-0"]
[Round "10"]
[TimeControl "180+1"]
[Date "2022.02.15"]
[WhiteClock "0:00:24"]
[BlackClock "0:00:03"]

1. e4 c5 2. Nf3 Nc6 3. Bb5 e6 4. O-O Nge7 5. c3 a6 6. Bxc6 Nxc6 7. d4 cxd4 8. cxd4 d5 9. exd5 exd5 10. Nc3 Be7 11. Bf4 O-O 12. h3 Bf6 13. Ne5 Be6 14. Re1 Rc8 15. a3 Qb6 16. Nxc6 Rxc6 17. Be5 Bxe5 18. dxe5 d4 19. Ne4 Qxb2 20. Rb1 Qxa3 21. Rxb7 d3 22. Ng5 Qc3 23. Kh2 h6 24. Nxe6 Rxe6 25. Re3 Rd8 26. Rb3 Qc7 27. f4 d2 28. Re2 Qc4 29. Rf3 Qd4 30. Rff2 Qb4 31. Rxd2 Rxd2 32. Qxd2 Qxd2 33. Rxd2 g5 34. fxg5 hxg5 35. Rd5 Kg7 36. Kg3 Kg6 37. Kg4 f5+ 38. exf6 Kxf6 39. Rf5+ 1-0


[Site "https://www.chess.com"]

[Event "Titled Tuesday Blitz February 15 Early 2022"]
[White "Urbina Quiroz, Edwin"]
[Black "Stankovic, Ivan G"]
[WhiteFideId "6500650"]
[BlackFideId "902837"]
[WhiteElo "2130"]
[BlackElo "2195"]
[Result "1-0"]
[Round "10"]
[TimeControl "180+1"]
[Date "2022.02.15"]
[WhiteClock "0:01:28"]
[BlackClock "0:00:12"]

1. e4 c5 2. Nf3 Nc6 3. d4 cxd4 4. Nxd4 g6 5. Nc3 Bg7 6. Be3 Nf6 7. Bc4 O-O 8. Bb3 d6 9. f3 Bd7 10. h4 h5 11. Qd2 Rc8 12. O-O-O Ne5 13. Rdg1 Qa5 14. g4 hxg4 15. h5 Nxh5 16. Bh6 Rc5 17. Rxh5 Nc4 18. Rxc5 Nxd2 19. Rxa5 Bxh6 20. Kd1 gxf3 21. Rxg6+ Kh7 22. Rxh6+ Kxh6 23. Kxd2 f2 24. Ke2 e5 25. Nf5+ Bxf5 26. exf5 1-0


[Site "https://www.chess.com"]

[Event "Titled Tuesday Blitz February 15 Early 2022"]
[White "Van den Dikkenberg, Erik"]
[Black "Chincholimath, Halsagar"]
[WhiteFideId "1005880"]
[BlackFideId "5022487"]
[WhiteElo "2118"]
[BlackElo "1737"]
[Result "0-1"]
[Round "10"]
[TimeControl "180+1"]
[Date "2022.02.15"]
[WhiteClock "0:00:01"]
[BlackClock "0:00:18"]

1. e4 c6 2. d4 d5 3. exd5 cxd5 4. Bd3 Nc6 5. c3 Qc7 6. f4 g6 7. Nf3 Nh6 8. O-O Bg7 9. Qe1 Bf5 10. Bxf5 Nxf5 11. Ne5 O-O 12. Nd2 Ncxd4 13. cxd4 Nxd4 14. Rb1 Qc2 15. Ra1 Qf5 16. g4 Qc8 17. Qf2 Nc2 18. Rb1 d4 19. Nb3 d3 20. Nxd3 Qxg4+ 21. Kh1 Rac8 22. Qg2 Qf5 23. Ne5 Nb4 24. Be3 Rc2 25. Qf3 Nxa2 26. Nd4 Qc8 27. Nxc2 Qxc2 28. b4 Nc3 29. Rbc1 Qb3 30. Qxb7 Ne2 31. Qf3 Nxc1 32. Bxc1 Qxb4 33. Be3 a5 34. Nd7 Rd8 35. Nc5 a4 36. Ne4 a3 37. Bc5 Qb5 38. Bxa3 Rd4 39. Bxe7 Rxe4 40. Bg5 Re8 41. Rd1 h6 42. Bh4 Qa4 43. Bf2 Qc4 44. Kg2 Qe6 45. Qd3 Qg4+ 46. Kf1 h5 0-1


[Site "https://www.chess.com"]

[Event "Titled Tuesday Blitz February 15 Early 2022"]
[White "Vargas Pereda, Jesus Manue"]
[Black "Altucher, James"]
[WhiteFideId "5115710"]
[BlackFideId "30987458"]
[WhiteElo "1772"]
[BlackElo "2158"]
[Result "0-1"]
[Round "10"]
[TimeControl "180+1"]
[Date "2022.02.15"]
[WhiteClock "0:01:53"]
[BlackClock "0:02:01"]

1. d4 Nf6 2. Bf4 g6 3. Nc3 Bg7 4. e4 O-O 5. Qd2 d5 6. e5 Ne4 7. Nxe4 dxe4 8. c3 c5 9. Bh6 Bxh6 10. Qxh6 cxd4 11. cxd4 Qxd4 12. Be2 Qxb2 13. Rc1 Nc6 14. Nh3 Bxh3 15. gxh3 Nxe5 16. h4 Nf3+ 17. Bxf3 exf3 18. h5 Qe2# 0-1


[Site "https://www.chess.com"]

[Event "Titled Tuesday Blitz February 15 Early 2022"]
[White "Varney, Zoe"]
[Black "Brunner, Nicolas"]
[WhiteFideId "436135"]
[BlackFideId "620246"]
[WhiteElo "1808"]
[BlackElo "2372"]
[Result "0-1"]
[Round "10"]
[TimeControl "180+1"]
[Date "2022.02.15"]
[WhiteClock "0:00:01"]
[BlackClock "0:00:14"]

1. e4 e5 2. Nf3 Nc6 3. Bc4 Nf6 4. Ng5 d5 5. exd5 Na5 6. Bb5+ c6 7. dxc6 bxc6 8. Bd3 Nd5 9. Nf3 Bd6 10. O-O Nf4 11. Re1 Nxd3 12. cxd3 O-O 13. Nc3 Re8 14. Ne4 c5 15. Nxd6 Qxd6 16. Qe2 Ba6 17. Ng5 Bxd3 18. Qh5 Bg6 19. Qf3 f6 20. Ne4 Qd4 21. d3 Rac8 22. Bd2 Nc6 23. Bc3 Bxe4 24. Rxe4 Qd5 25. Qh3 Nd4 26. Bxd4 cxd4 27. Rh4 h6 28. Rg4 Kh8 29. Qh5 Re7 30. Re1 Rec7 31. Qg6 Qxa2 32. h3 Qf7 33. Qf5 Rc1 34. Re4 Rxe1+ 35. Rxe1 Rc2 36. Kh2 Rxb2 37. Qc8+ Kh7 38. Qf5+ Qg6 39. Qd7 Rxf2 40. Rg1 Qg5 41. Qxa7 Qf4+ 42. Kh1 Qg3 43. Qd7 Qxd3 0-1


[Site "https://www.chess.com"]

[Event "Titled Tuesday Blitz February 15 Early 2022"]
[White "Vidit, Santosh Gujrathi"]
[Black "Gurevich, Dmitry"]
[WhiteFideId "5029465"]
[BlackFideId "2000407"]
[WhiteElo "2654"]
[BlackElo "2506"]
[Result "1-0"]
[Round "10"]
[TimeControl "180+1"]
[Date "2022.02.15"]
[WhiteClock "0:00:05"]
[BlackClock "0:00:01"]

1. b3 d5 2. Bb2 c5 3. e3 Nc6 4. Bb5 Bd7 5. Nf3 a6 6. Bxc6 Bxc6 7. O-O Rc8 8. d3 e6 9. Nbd2 Nf6 10. Ne5 Be7 11. f4 O-O 12. Rf3 d4 13. Nxc6 Rxc6 14. Nc4 b5 15. Ne5 Rc8 16. e4 Ne8 17. Rh3 f6 18. Qh5 fxe5 19. Qxh7+ Kf7 20. fxe5 Bg5 21. Qh5+ Kg8 22. Qh8+ Kf7 23. Rf1+ Bf6 24. Qh5+ Ke7 25. exf6+ gxf6 26. Bc1 e5 27. Qf5 Kd6 28. Rh7 Rc7 29. h4 Rxh7 30. Qxh7 Qd7 31. Qh6 Qf7 32. Bg5 Ke7 33. Bd2 Rg8 34. Be1 Qg7 35. Qxg7+ Nxg7 36. Kh2 Ne6 37. g3 c4 38. Bb4+ Kf7 39. bxc4 bxc4 40. Bd6 Kg6 41. h5+ Kxh5 42. Rxf6 Ng5 43. Bxe5 cxd3 44. cxd3 Rc8 45. Bxd4 Rc2+ 46. Bf2 Rd2 47. Kg2 Rxd3 48. e5 Ne4 49. Rf4 Nxf2 50. Kxf2 Rd2+ 51. Ke3 Rxa2 52. e6 Ra1 53. Kd4 Re1 54. Kd5 Kg6 55. Kd6 1-0


[Site "https://www.chess.com"]

[Event "Titled Tuesday Blitz February 15 Early 2022"]
[White "Vifleemskaia, Svetlana"]
[Black "Tregubov, Pavel V."]
[WhiteFideId "4129490"]
[BlackFideId "4115341"]
[WhiteElo "1901"]
[BlackElo "2341"]
[Result "0-1"]
[Round "10"]
[TimeControl "180+1"]
[Date "2022.02.15"]
[WhiteClock "0:00:01"]
[BlackClock "0:00:39"]

1. d4 Nf6 2. c4 e6 3. Nc3 Bb4 4. e3 O-O 5. Ne2 d5 6. a3 Be7 7. cxd5 exd5 8. g3 c6 9. Bg2 Na6 10. O-O Nc7 11. f3 c5 12. Kh1 Re8 13. Nf4 Ne6 14. Nfe2 b6 15. g4 Ba6 16. Re1 h6 17. Ng3 cxd4 18. exd4 Bd6 19. Nf5 Bf4 20. Qa4 Bd3 21. Bxf4 Nxf4 22. Rxe8+ Qxe8 23. Qxe8+ Rxe8 24. Ng3 g6 25. Kg1 h5 26. g5 Nh7 27. h4 Nf8 28. Kf2 N8e6 29. Rd1 Bc4 30. Bf1 Bb3 31. Rd2 Rc8 32. Bb5 Rc7 33. Nge2 Kg7 34. Nxf4 Nxf4 35. Kg3 Ne6 36. f4 f5 37. Kf3 Kf7 0-1


[Site "https://www.chess.com"]

[Event "Titled Tuesday Blitz February 15 Early 2022"]
[White "Vine, Elzbieta"]
[Black "Von Buelow, Georg"]
[WhiteFideId "1119320"]
[BlackFideId "4620658"]
[WhiteElo "1832"]
[BlackElo "2211"]
[Result "0-1"]
[Round "10"]
[TimeControl "180+1"]
[Date "2022.02.15"]
[WhiteClock "0:00:08"]
[BlackClock "0:01:03"]

1. e4 e5 2. Nf3 Nc6 3. Bb5 a6 4. Ba4 Nf6 5. O-O Be7 6. c3 Nxe4 7. Re1 Nc5 8. Bxc6 dxc6 9. Nxe5 O-O 10. d4 Nd7 11. Nd2 Nxe5 12. Rxe5 Bd6 13. Re1 Qh4 14. Nf3 Qh5 15. Ne5 Qxd1 16. Rxd1 f6 17. Nf3 Bg4 18. Rd3 Rfe8 19. Bd2 g5 20. Kf1 Kf7 21. h3 Be6 22. b3 b5 23. Re3 Bd5 0-1


[Site "https://www.chess.com"]

[Event "Titled Tuesday Blitz February 15 Early 2022"]
[White "Vitiugov, Nikita"]
[Black "Visakh N R"]
[WhiteFideId "4152956"]
[BlackFideId "25012223"]
[WhiteElo "2673"]
[BlackElo "2454"]
[Result "0-1"]
[Round "10"]
[TimeControl "180+1"]
[Date "2022.02.15"]
[WhiteClock "0:00:04"]
[BlackClock "0:00:11"]

1. c4 e6 2. Nc3 d5 3. cxd5 exd5 4. d4 c6 5. Nf3 Bd6 6. Bg5 Ne7 7. e3 O-O 8. Bd3 f6 9. Bh4 Bf5 10. Bg3 Na6 11. a3 Nc7 12. Qc2 Bxd3 13. Qxd3 Qd7 14. Bxd6 Qxd6 15. h4 Qe6 16. h5 Nf5 17. O-O-O Nd6 18. Nh4 b5 19. Rh3 a5 20. Ne2 b4 21. Nf4 Qe4 22. a4 b3 23. Qxb3 Rab8 24. Qc2 Rb4 25. Qxe4 Nxe4 26. Nd3 Rc4+ 27. Kb1 Rb8 28. Rhh1 Na6 29. Nf5 Nb4 30. b3 Nxd3 31. Rxd3 Nxf2 32. Ka2 Rc2+ 33. Kb1 Rc4 34. Ka2 Rcb4 35. Ne7+ Kf7 36. Nxc6 Nxd3 37. Nxb8 Rxb8 38. Rd1 Nb4+ 39. Kb2 Rc8 40. Rd2 Ke6 41. g4 g6 42. hxg6 hxg6 43. Rh2 f5 44. g5 Nd3+ 45. Ka2 f4 46. exf4 Kf5 47. Rh7 Rc2+ 48. Kb1 Rb2+ 49. Ka1 Rxb3 50. Ka2 Nc1+ 51. Ka1 Kxf4 52. Rf7+ Kxg5 53. Rf5+ Kg4 54. Rf4+ Kg3 55. Rg4+ Kf3 56. Rg3+ Ke4 57. Rg4+ Kd3 58. Rg3+ Kc4 59. Rg1 Nd3 60. Rxg6 Rb4 61. Rc6+ Kxd4 62. Ka2 Nc5 63. Rb6 Rxa4+ 64. Kb1 Rb4+ 0-1


[Site "https://www.chess.com"]

[Event "Titled Tuesday Blitz February 15 Early 2022"]
[White "Voege, Tobias"]
[Black "Bugayev, Vladimir"]
[WhiteFideId "1270513"]
[BlackFideId "30901480"]
[WhiteElo "2335"]
[BlackElo "2413"]
[Result "1-0"]
[Round "10"]
[TimeControl "180+1"]
[Date "2022.02.15"]
[WhiteClock "0:01:58"]
[BlackClock "0:01:37"]

1. d4 Nf6 2. c4 c5 3. d5 b5 4. cxb5 a6 5. Nc3 e6 6. e4 exd5 7. e5 d4 8. exf6 dxc3 9. Qe2+ Be7 10. Qxe7+ Qxe7+ 11. fxe7 axb5 12. Bxb5 Kxe7 13. bxc3 d5 14. Nf3 Be6 15. O-O Na6 16. Re1 Nc7 17. Bd3 h6 18. a4 Ra5 19. Bf4 Rc8 20. Bxc7 Rxc7 21. Bb5 f6 22. Rad1 Kd6 23. Nd2 c4 24. Nxc4+ Rxc4 25. Bxc4 Kc5 26. Rxe6 Kxc4 27. Rc6+ Kb3 28. Rd4 1-0


[Site "https://www.chess.com"]

[Event "Titled Tuesday Blitz February 15 Early 2022"]
[White "Vokhidov, Shamsiddin"]
[Black "Terry, Renato"]
[WhiteFideId "14204223"]
[BlackFideId "3803457"]
[WhiteElo "2611"]
[BlackElo "2577"]
[Result "1-0"]
[Round "10"]
[TimeControl "180+1"]
[Date "2022.02.15"]
[WhiteClock "0:00:16"]
[BlackClock "0:00:01"]

1. e4 g6 2. d4 Bg7 3. Nf3 d6 4. Bc4 Nf6 5. Qe2 O-O 6. e5 dxe5 7. dxe5 Nd5 8. h3 Nb6 9. Bb3 Nc6 10. O-O Na5 11. Rd1 Qe8 12. Nc3 Nxb3 13. axb3 Bd7 14. Bf4 a6 15. Rd2 Rc8 16. Rad1 f6 17. e6 Bc6 18. Nd4 f5 19. Be5 Bxe5 20. Qxe5 f4 21. h4 f3 22. g3 Rf6 23. Rd3 Qf8 24. Re1 Qh6 25. Ree3 Be8 26. Ne4 Rf8 27. Rxf3 Rxf3 28. Rxf3 Qg7 29. Qc5 Rd8 30. Rd3 Nd5 31. Nf3 b6 32. Qa3 c6 33. c4 1-0


[Site "https://www.chess.com"]

[Event "Titled Tuesday Blitz February 15 Early 2022"]
[White "Volkov, Maksim"]
[Black "Sovetbekova, Nurai"]
[WhiteFideId "54123070"]
[BlackFideId "13801910"]
[WhiteElo "2081"]
[BlackElo "1545"]
[Result "1-0"]
[Round "10"]
[TimeControl "180+1"]
[Date "2022.02.15"]
[WhiteClock "0:00:18"]
[BlackClock "0:00:02"]

1. d4 Nf6 2. c4 g6 3. g3 Bg7 4. Bg2 d5 5. Qa4+ c6 6. cxd5 Nxd5 7. Nf3 O-O 8. O-O Nd7 9. Rd1 N7b6 10. Qb3 Bf5 11. Nc3 Rc8 12. Nxd5 cxd5 13. Re1 Qd7 14. Bf4 Qa4 15. Qxa4 Nxa4 16. b3 Nc3 17. Ne5 Rfd8 18. a4 Bc2 19. Bd2 Bxe5 20. dxe5 d4 21. b4 Nxa4 22. Bxb7 Rc7 23. Bf3 Nb6 24. Rec1 Rdc8 25. e6 fxe6 26. Bf4 Rd7 27. Ra5 d3 28. exd3 Bxd3 29. Rd1 Bf5 30. Rxd7 Nxd7 31. Rxa7 Bh3 32. Rxd7 Ra8 33. Bxa8 1-0


[Site "https://www.chess.com"]

[Event "Titled Tuesday Blitz February 15 Early 2022"]
[White "Vusatiuk, Vladimir"]
[Black "Gatterer, Florian"]
[WhiteFideId "14118610"]
[BlackFideId "811688"]
[WhiteElo "2157"]
[BlackElo "2218"]
[Result "1-0"]
[Round "10"]
[TimeControl "180+1"]
[Date "2022.02.15"]
[WhiteClock "0:00:10"]
[BlackClock "0:00:15"]

1. Nf3 d5 2. h4 c5 3. h5 Nc6 4. d3 e5 5. h6 g6 6. e4 d4 7. Be2 f6 8. c3 Be6 9. cxd4 cxd4 10. Nbd2 Bxh6 11. a3 Qd7 12. Nb3 Bxc1 13. Nc5 Qe7 14. Rxc1 O-O-O 15. Qa4 Kb8 16. Nxb7 Qxb7 17. Qxc6 Qxc6 18. Rxc6 Bd7 19. Rc4 Ne7 20. Kd2 Rc8 21. Rxc8+ Bxc8 22. b4 h5 23. g3 g5 24. Bd1 Bg4 25. Ne1 Bxd1 26. Kxd1 Kc7 27. Ng2 Kb6 28. Kc2 a5 29. Kb3 axb4 30. axb4 Nc6 31. f3 Ne7 32. f4 Nc6 33. fxg5 fxg5 34. Kc4 Ne7 35. Rf1 Kc7 36. Kc5 h4 37. gxh4 gxh4 38. Rh1 h3 39. Ne1 Kd7 40. b5 Ke6 41. Nf3 Rh5 42. Rxh3 Rxh3 43. Ng5+ Kd7 44. Nxh3 Ng6 45. Kd5 Ke7 46. b6 Kd7 47. Kc5 Nf4 48. Nxf4 exf4 49. Kxd4 Kc6 50. e5 Kxb6 51. Ke4 f3 52. Kxf3 Kc5 53. d4+ Kc6 54. Ke4 Kd7 55. d5 Ke7 56. e6 Kd8 57. Ke5 Ke8 58. d6 Kd8 59. Kf6 Ke8 60. d7+ Kf8 61. d8=Q# 1-0


[Site "https://www.chess.com"]

[Event "Titled Tuesday Blitz February 15 Early 2022"]
[White "Williams, Simon K"]
[Black "Jain Kashish Manoj"]
[WhiteFideId "404454"]
[BlackFideId "35081098"]
[WhiteElo "2468"]
[BlackElo "1681"]
[Result "1-0"]
[Round "10"]
[TimeControl "180+1"]
[Date "2022.02.15"]
[WhiteClock "0:00:24"]
[BlackClock "0:00:02"]

1. d4 Nf6 2. c4 g6 3. h4 d6 4. Nc3 Bg7 5. e4 Nbd7 6. Be2 e5 7. d5 Nc5 8. Qc2 a5 9. h5 Bd7 10. Be3 Ng4 11. Bxg4 Bxg4 12. f3 Bd7 13. g4 Bf6 14. O-O-O Bg5 15. Qd2 Bxe3 16. Qxe3 Qf6 17. Nge2 O-O-O 18. b3 Qe7 19. Kb2 f5 20. g5 f4 21. Qg1 gxh5 22. Rxh5 Rdg8 23. a3 Be8 24. Rh2 Rxg5 25. Qf2 Rhg8 26. b4 axb4 27. axb4 Na6 28. Ra1 Qg7 29. Qh4 Nxb4 30. Ra8+ Kd7 31. Qh3+ Rg4 32. fxg4 Qg5 33. Qxh7+ Rg7 34. Qh8 Bf7 35. Qc8+ 1-0


[Site "https://www.chess.com"]

[Event "Titled Tuesday Blitz February 15 Early 2022"]
[White "Willow, Jonah B"]
[Black "Zhu, Jiner"]
[WhiteFideId "438804"]
[BlackFideId "8608059"]
[WhiteElo "2261"]
[BlackElo "2281"]
[Result "1-0"]
[Round "10"]
[TimeControl "180+1"]
[Date "2022.02.15"]
[WhiteClock "0:00:13"]
[BlackClock "0:00:07"]

1. e4 c5 2. Nf3 Nc6 3. Nc3 g6 4. d4 cxd4 5. Nxd4 Bg7 6. Be3 Nf6 7. Bc4 O-O 8. Bb3 d5 9. exd5 Na5 10. Nde2 a6 11. O-O b5 12. Qd2 Bb7 13. Rfd1 Rc8 14. Nf4 Qd6 15. Nxb5 axb5 16. Qxa5 g5 17. Nh3 Ng4 18. g3 Nxe3 19. fxe3 Bxb2 20. Rab1 Bc3 21. Qxb5 Ba6 22. Qa4 Be2 23. Re1 Bxe1 24. Rxe1 Bf3 25. Nxg5 Bxd5 26. Qh4 h6 27. Bxd5 Qxd5 28. Qxh6 Qf5 29. Rf1 Qg6 30. Nxf7 Qxh6 31. Nxh6+ Kh7 32. Rxf8 Rxf8 33. Ng4 Rc8 34. Kf2 Rxc2+ 35. Kf3 Rxa2 36. h4 Kg6 37. Ne5+ Kf5 38. Nd3 e5 39. g4+ Ke6 40. Nc5+ Kd5 41. Ne4 Ra1 42. Ng3 Ke6 43. g5 Ra4 44. Ne4 Rc4 45. h5 Rb4 46. g6 Rb1 47. h6 Rg1 48. h7 Rh1 49. g7 1-0


[Site "https://www.chess.com"]

[Event "Titled Tuesday Blitz February 15 Early 2022"]
[White "Yang, Kaiqi"]
[Black "Kovanova, Baira"]
[WhiteFideId "8604398"]
[BlackFideId "4164083"]
[WhiteElo "2373"]
[BlackElo "2190"]
[Result "0-1"]
[Round "10"]
[TimeControl "180+1"]
[Date "2022.02.15"]
[WhiteClock "0:00:05"]
[BlackClock "0:00:13"]

1. c4 e5 2. g3 Nf6 3. Bg2 d6 4. Nc3 g6 5. e4 Bg7 6. Nge2 c5 7. O-O O-O 8. d3 Nc6 9. f4 Nd4 10. h3 h6 11. Be3 Be6 12. Qd2 Kh7 13. Rf2 Qd7 14. Kh2 Nh5 15. f5 gxf5 16. exf5 Nxf5 17. Be4 Kh8 18. Bxf5 Bxf5 19. g4 Bxg4 20. hxg4 Qxg4 21. Rh1 e4 22. Rg2 Be5+ 23. Kg1 Qf3 24. Nxe4 Rg8 25. N2g3 Bxg3 26. Rh3 Rg6 27. Nxg3 Nxg3 28. Qf2 Ne2+ 29. Kf1 Qxh3 30. Qxe2 Rag8 0-1


[Site "https://www.chess.com"]

[Event "Titled Tuesday Blitz February 15 Early 2022"]
[White "Zaichenko, Daria"]
[Black "Nadeev, Sergey"]
[WhiteFideId "4197453"]
[BlackFideId "4180038"]
[WhiteElo "2039"]
[BlackElo "2369"]
[Result "0-1"]
[Round "10"]
[TimeControl "180+1"]
[Date "2022.02.15"]
[WhiteClock "0:01:11"]
[BlackClock "0:00:54"]

1. e4 e5 2. Nf3 Nc6 3. Bc4 Nf6 4. d3 Bc5 5. c3 O-O 6. O-O a5 7. Re1 d5 8. exd5 Nxd5 9. Nxe5 Nxe5 10. Rxe5 c6 11. Bxd5 cxd5 12. d4 Bd6 13. Re1 Qh4 14. g3 Qh3 15. Qf3 Bg4 16. Qxd5 Rad8 17. Qg2 Qh5 18. Nd2 Rfe8 19. Rf1 Bh3 20. Qf3 Qxf3 21. Nxf3 Bxf1 22. Kxf1 f6 23. Be3 Kf7 24. c4 g5 25. h3 h5 26. g4 h4 27. d5 Rc8 28. b3 Bc5 29. Bxc5 Rxc5 30. Nd4 Re4 31. Nf5 Kf8 32. Nd6 Re7 33. Re1 Rxe1+ 34. Kxe1 b6 35. a3 Ke7 36. Ne4 Rc8 37. Kd2 a4 38. Kc3 axb3 39. Kxb3 Ra8 40. a4 Ra7 41. f3 Ra8 42. Kb4 Rf8 43. Kb5 f5 44. Nxg5 fxg4 45. fxg4 Rf4 46. Ne6 Rf3 47. Kc6 Rxh3 48. Ng5 Rd3 49. Kxb6 h3 50. Nxh3 Rxh3 51. Kc7 Rc3 52. d6+ Ke6 53. g5 Rxc4+ 54. Kb6 Rxa4 55. g6 Kxd6 56. g7 Rg4 57. g8=Q Rxg8 0-1


[Site "https://www.chess.com"]